 Dungeon Crawl Stone Soup version 0.30-a0-726-gd89dcf765f (webtiles) character file.

Game seed: 14097071813691854904

8 Bnni the Trooper (level 2, 24/24 HPs)
             Began as a Demonspawn Fighter on Jan 29, 2023.
             Quit the game on level 1 of the Dungeon.
             The game lasted 00:00:19 (102 turns).

Bnni the Trooper (Demonspawn Fighter)                Turns: 102, Time: 00:00:20

Health: 24/24      AC:  6    Str: 16    XL:     2   Next: 0%
Magic:  2/2        EV:  8    Int:  9    God:
Gold:   30         SH:  4    Dex: 12    Spells: 1/1 levels left

rFire   . . .      SeeInvis .    a - +0 trident
rCold   . . .      Faith    .    c - +0 buckler
rNeg    . . .      Spirit   .    b - +0 scale mail
rPois   .          Reflect  .    (no helmet)
rElec   .          Harm     .    (no cloak)
rCorr   .          Rampage  .    (no gloves)
Will    .....                    (no boots) Stlth
                                 (no amulet)
HPRegen 0.24/turn                (no ring)
MPRegen 0.08/turn                (no ring)

@: no status effects
A: powered by pain 1
a: no special abilities


You were on level 1 of the Dungeon.
You visited 1 branch of the dungeon, and saw 1 of its levels.

You collected 30 gold pieces.

Inventory:

Hand Weapons
 a - a +0 trident (weapon)
Armour
 b - a +0 scale mail (worn)
 c - a +0 buckler (worn)
Jewellery
 g - a ring of ice
Scrolls
 f - a scroll of acquirement {unknown}
Potions
 d - a potion of might
 e - a potion of heal wounds {unknown}


   Skills:
 + Level 3.1 Fighting
 * Level 2.1 Polearms
 - Level 2.6 Armour
 + Level 2.8 Shields


You had one spell level left.
You didn't know any spells.
Your spell library was empty.

Dungeon Overview and Level Annotations

Branches:
Dungeon (1/15)

Altars:


Innate Abilities, Weirdness & Mutations

You sometimes gain a little power by taking damage.


Message History

There is a stone staircase leading down here.
f - a scroll labelled JUKIECARAG No target in view!
g - a ring of ice No target in view!
You now have 16 gold pieces.
You now have 30 gold pieces (gained 14).
A goblin comes into view. It is wielding a +0 dagger.
The goblin shouts!
A goblin is nearby!
You puncture the goblin!
You kill the goblin!
Your Polearms skill increases to level 2!
Found a stone staircase leading down.
No target in view!
A dart slug comes into view.
A dart slug is nearby!
You reach to attack!
You completely miss the dart slug.
A dart slug is nearby!
You puncture the dart slug!
You kill the dart slug!
A quokka comes into view.
A quokka is nearby!
A quokka is nearby!
You barely miss the quokka. The quokka barely misses you.
A quokka is nearby!
You barely miss the quokka. The quokka bites you. x2
A quokka is nearby!
You hit the quokka.
The quokka is almost dead.
The quokka bites you but does no damage.
A quokka is nearby!
You hit the quokka.
You kill the quokka!
You have reached level 2!
Your demonic ancestry asserts itself...
You feel energised by your suffering.
HP restored.
Found an escape hatch in the floor.
Are you sure you want to abandon this character and quit the game? (Confirm with "yes".)

.P≈##.##..#
<.....#...# .P≈##.....
### # P8P≈#...# ..# .#
≈P≈##...# #.# .#
#≈##...)#### #.# #.#
###..#.....# #.##>.#
...####.##.###..#.####
.### #.##......@....#
.# ..#########..#....
.####.### ..... #
.....> .#....# #####
#.#.#.# . .... ... .#
#.# ##. .! ..


There were no monsters in sight!

Vanquished Creatures
  A dart slug (D:1)
  A giant cockroach (D:1)
  A goblin (D:1)
  A quokka (D:1)
  2 bats (D:1)
6 creatures vanquished.

Notes
Turn   | Place    | Note
-------+----------+-------------------------------------------
     0 | D:1      | Bnni the Demonspawn Fighter began the quest for the Orb.
     0 | D:1      | Reached XP level 1. HP: 18/18 MP: 1/1
    77 | D:1      | Gained mutation: You sometimes gain a little power by
                  | taking damage. [demonic ancestry]
    77 | D:1      | Reached XP level 2. HP: 18/24 MP: 2/2
   102 | D:1      | Quit the game

Illustrated notes

Levels and vault maps discovered:
D:1:      ldierk_walled_garden_2, layout_rooms, st_stairs_11

Skill      XL: |  1 |
---------------+----+-----
Polearms       | 2 |  2.1
Fighting       | |  3.1
Armour         | |  2.6
Shields        | |  2.8

Action                     || total
---------------------------++-------
  Melee: Trident           ||    18
 Armour: Scale mail        ||    11
  Dodge: Dodged            ||     6
  Block: Buckler           ||     2

Table legend: (Time is in decaauts)
 A = Elapsed time spent in this place.
 B = Non-inter-level travel time spent in this place.
 C = Inter-level travel time spent in this place.
 D = Time resting spent in this place.
 E = Time spent auto-exploring this place.
 F = Levels seen in this place.
 G = Mean time per level.
                   A        B        C        D        E       F      G
               +--------+--------+--------+--------+--------+-----+--------+
         Total |    106 |    106 |      0 |      0 |     67 |   1 |  106.0 |
       Dungeon |    106 |    106 |      0 |      0 |     67 |   1 |  106.0 |
               +--------+--------+--------+--------+--------+-----+--------+

Top non-repeatable levels by time:
     D:1: 106 daAuts
